cohdb
Replays
Latest Replays
All Replays
Popular Replays
Top Player Replays
Match Explorer
How It Works
Community
CoH3 Stats
Reddit
Sign in to upload your games and track your stats! →
Sign in with Steam
Match 27976773
Unlisted
Match 27976773
Overview
Messages
Build Orders
End
Construct Infanterie Kompanie
Selects Italian Coastal Battlegroup
Selects Coastal Reserves
Coastal Reserve
MG 42 Machine Gun Team
Coastal Reserve
GrW 34 Mortar Team
Coastal Reserve
Medical Bunker
Selects Artillery Officer
Artillery Officer
MG 42 Bunker
Selects Support Bunkers
Construct Panzergrenadier Kompanie
Selects Designated Artillery Overwatch
Coastal Reserve
Designated Artillery Overwatch
AI Takeover
medivd
Finx
Ottomatic
MRHY
my worst self
[BxB] Victor
Friendly Mouse(Poxie)
Loki
0
0
Comments
sign in to comment!
No comments posted yet!